 Dungeon Crawl Stone Soup version 0.22.1-1-ga44c0e56f4 (webtiles) character file.

53 Revguard the Skirmisher (level 3, -3/28 HPs)
             Began as a Demonspawn Wanderer on Oct 21, 2018.
             Slain by Sigmund
             ... wielding a +0 scythe
              (4 damage)
             ... on level 3 of the Dungeon.
             The game lasted 00:10:14 (1866 turns).

Revguard the Skirmisher (Demonspawn Wanderer)       Turns: 1866, Time: 00:10:14

Health: -3/28      AC:  2    Str: 12    XL:     3   Next: 64%
Magic:  3/4        EV: 12    Int: 13    God:
Gold:   122        SH:  0    Dex: 13    Spells: 2/4 levels left

rFire    + . .     SeeInvis .   c - +0 quarterstaff
rCold    . . .     Gourm    .   (shield currently unavailable)
rNeg     + . .     Faith    .   d - +0 robe
rPois    .         Spirit   .   (no helmet)
rElec    .         Reflect  .   (no cloak)
rCorr    .         Harm     .   (no gloves)
MR       .....                  (no boots)
Stlth    ++........             (no amulet)
HPRegen  0.09/turn              i - ring of positive energy
MPRegen  0.09/turn              n - ring of protection from fire

@: no status effects
A: hooves 1, rot immunity
a: no special abilities


You were on level 3 of the Dungeon.
You were not hungry.

You visited 1 branch of the dungeon, and saw 3 of its levels.

You collected 122 gold pieces.

Inventory:

Hand Weapons
 c - a +0 quarterstaff (weapon)
 e - a +0 dagger
Armour
 d - a +0 robe (worn)
Jewellery
 i - a ring of positive energy (left hand)
 n - a ring of protection from fire (right hand)
Scrolls
 b - 3 scrolls of random uselessness {unknown}
 j - a scroll of fear {unknown}
 k - a scroll of remove curse {unknown}
 l - a scroll of fog {unknown}
 m - a scroll of amnesia {unknown}
 p - 3 scrolls of identify {unknown}
Potions
 a - a potion of degeneration {unknown}
 g - a potion of heal wounds {unknown}
 h - a potion of brilliance {unknown}
Comestibles
 f - 2 rations


   Skills:
 + Level 2.5 Fighting
 + Level 2.1 Staves
 * Level 0.1 Armour
 * Level 1.2 Dodging
 + Level 2.0 Stealth
 + Level 1.2 Spellcasting
 + Level 2.5 Necromancy
 * Level 0.7 Ice Magic
   Level 1.0 Evocations


You had 2 spell levels left.
You knew the following spells:

 Your Spells              Type           Power        Failure   Level  Hunger
a - Animate Skeleton      Necr           N/A          10%         1    ##.....
b - Freeze                Ice            #...         21%         1    ##.....

Your spell library contained the following spells:

 Spells                   Type           Power        Failure   Level  Hunger
 Pain                     Necr           #...         10%         1    ##.....
 Vampiric Draining        Necr           #.........   30%         3    ####...
 Regeneration             Chrm/Necr      #.........   45%         3    ####...
 Ozocubu's Armour         Chrm/Ice       #.......     56%         3    ####...
 Animate Dead             Necr           N/A          69%         4    #####..


Dungeon Overview and Level Annotations

Branches:
Dungeon (3/15)

Altars:

Annotations:
D:3 Sigmund


Innate Abilities, Weirdness & Mutations

You have large cloven feet.
You are immune to rotting.


Message History

Casting: Animate Skeleton (safe; 10% risk of failure)
Confirm with . or Enter, or press ? or * to list all spells.
Aiming: Freeze (safe; 21% risk of failure)
Press: ? - help, Shift-Dir - straight line You freeze something.
You closely miss something.
You hear some strange, mumbled words.
Something tries to affect you, but you resist.
Something hits you.
You hit something but do no damage. You kick something.
You barely miss something.
You hear some strange, mumbled words.
A magic dart appears from out of thin air!
The magic dart hits you!
* * * LOW HITPOINT WARNING * * *
Something hits you!
* * * LOW HITPOINT WARNING * * *
You miss something. You kick something. You barely miss something.
Something hits you.
You die...

### ##... #########...
#.....######.........#
#.......@{...#........#
#.....########.#####...
##... #.# . ##. #<# #
#...# #.### ... #.# #.


There were no monsters in sight!

Vanquished Creatures
  An adder (D:2)
  2 leopard geckos (D:1)
  3 ball pythons (D:1)
  5 bats
  2 giant cockroaches
  A goblin (D:1)
  8 hobgoblins
  2 jackals (D:1)
  A quokka (D:2)
  3 frilled lizards (D:1)
  4 kobolds
  3 rats (D:2)
35 creatures vanquished.

Vanquished Creatures (collateral kills)
  A bat (D:2)
  2 goblins
  A hobgoblin (D:2)
  2 kobolds (D:1)
  2 ball pythons (D:1)
  A frilled lizard (D:1)
  A rat (D:2)
10 creatures vanquished.

Grand Total: 45 creatures vanquished

Notes
Turn   | Place    | Note
-------+----------+-------------------------------------------
     0 | D:1      | Revguard the Demonspawn Wanderer began the quest for the
                  | Orb.
     0 | D:1      | Revguard set off with: a +0 quarterstaff, a +0 robe, a +0
                  | dagger, a ration
     0 | D:1      | Reached XP level 1. HP: 16/16 MP: 2/2
     3 | D:1      | Learned a level 1 spell: Animate Skeleton
     5 | D:1      | Learned a level 1 spell: Freeze
   533 | D:1      | Gained mutation: You are immune to rotting. [demonic
                  | ancestry]
   533 | D:1      | Reached XP level 2. HP: 22/22 MP: 3/3
  1322 | D:2      | Reached skill level 1 in Dodging
  1322 | D:2      | Gained mutation: You have large cloven feet. [demonic
                  | ancestry]
  1322 | D:2      | Reached XP level 3. HP: 27/28 MP: 1/4
  1843 | D:3      | Noticed Sigmund
  1864 | D:3      | HP: 1/28 [something (7)]
  1866 | D:3      | Slain by Sigmund

Skill      XL: |  1  2 |
---------------+-------+-----
Staves         | 2 |  2.1
Stealth        | 2 |  2.0
Dodging        | 1 |  1.2
Fighting       | |  2.5
Armour         | |  0.1
Spellcasting   | |  1.2
Necromancy     | |  2.5
Ice Magic      | |  0.7
Evocations     | |  1.0

Action                   || total
-------------------------++-------
Melee: Quarterstaff      ||    83
       Kick              ||     6
 Cast: Animate Skeleton  ||    19
       Freeze            ||     8
 Stab: Distracted        ||     1
  Eat: Chunk             ||     4
Armor: Robe              ||    25
Dodge: Dodged            ||    86
